 Dungeon Crawl Stone Soup version 0.28-a0-1182-g381e24db82 (webtiles) character file.

Game seed: 9780234372639387853

5 bearlyready the Conjurer (level 1, -7/14 HPs)
             Began as a Draconian Conjurer on Dec 16, 2021.
             Mangled by a gnoll (9 damage)
             ... on level 1 of the Dungeon.
             The game lasted 00:00:43 (572 turns).

bearlyready the Conjurer (Draconian Conjurer)        Turns: 572, Time: 00:00:43

Health: -7/14      AC:  4    Str:  9    XL:     1   Next: 66%
Magic:  3/3        EV: 12    Int: 18    God:
Gold:   29         SH:  0    Dex:  9    Spells: 3/4 levels left

rFire   . . .      SeeInvis .   c - +0 short sword
rCold   . . .      Faith    .   (no shield)
rNeg    . . .      Spirit   .   (armour unavailable)
rPois   .          Reflect  .   (helmet restricted)
rElec   .          Harm     .   (no cloak)
rCorr   .          Rampage  .   (no gloves)
Will    .....                   (no boots)
Stlth   ++........              (no amulet)
HPRegen 0.04/turn               (no ring)
MPRegen 0.08/turn               (no ring)

@: no status effects
A: AC +4, unfitting armour, cold-blooded
a: no special abilities


You were on level 1 of the Dungeon.
You visited 1 branch of the dungeon, and saw 1 of its levels.

You collected 29 gold pieces.

Inventory:

Hand Weapons
 c - a +0 short sword (weapon)


   Skills:
 - Level 1.7 Dodging
 - Level 1.7 Stealth
 - Level 2.0 Spellcasting
 + Level 4.3 Conjurations


You had 3 spell levels left.
You knew the following spells:

 Your Spells              Type           Power      Damage    Failure   Level
a - Magic Dart            Conj           68%        1d6       3%          1

Your spell library contained the following spells:

 Spells                   Type           Power      Damage    Failure   Level
 Searing Ray              Conj           34%        2d5       4%          2
 Dazzling Flash           Conj/Hex       18%        N/A       22%         3
 Fulminant Prism          Conj/Hex       4%         3d6       58%         4
 Iskenderun's Mystic Bla  Conj/Tloc      9%         2d4       58%         4


Dungeon Overview and Level Annotations

Branches:
Dungeon (1/15)

Altars:


Innate Abilities, Weirdness & Mutations

Your plain brown scales are hard. (AC +4)
You cannot fit into any form of body armour.
You are cold-blooded and may be slowed by cold attacks.


Message History

Press: ? - help, Q - select action Shift-Dir - straight line, f/p - quokka
Aim: a quokka (heavily wounded, 100% to hit)
The magic dart hits the quokka but does no damage.
The quokka is heavily wounded.
The quokka misses you.
You aren't carrying any potions.
Unknown command.
As you read the scroll labelled QUXAIM ZASTRI, it crumbles to dust.
It is a scroll of amnesia.
Really abort (and waste the scroll)?
Okay, then.
The quokka bites you but does no damage.
As you read the scroll labelled QISHIT LYNOEL, it crumbles to dust.
It is a scroll of identify.
You don't have any unidentified items.
The quokka bites you.
Aiming: Magic Dart (safe; 3% risk of failure)
Press: ? - help, Q - select action Shift-Dir - straight line, f/p - quokka
Aim: a quokka (heavily wounded, 100% to hit)
The magic dart hits the quokka.
You kill the quokka!
You completely miss the gnoll. The gnoll hits you but does no damage.
As you open the door, it creaks loudly! The gnoll misses you.
An endoplasm comes into view.
There is an open door here.
The gnoll closely misses you. The endoplasm barely misses you.
The gnoll closely misses you. The giant cockroach barely misses you.
Found 3 gold pieces.
You open the door. The gnoll closely misses you.
The gnoll hits you with a +0 flail!
Ouch! That really hurt!
* * * LOW HITPOINT WARNING * * *
You open the door.
A ball python comes into view.
The ball python hisses angrily.
The gnoll hits you with a +0 flail!
Ouch! That really hurt!
You die...

......###......##.......
#..... #......##...###.
#...#####......+........
##+. ^8^.......##.B.....
. ###......##....... .
##'#...............
#..B.#####...♣♣....
#.Jg.# #....P.... #.@..#
#...P..... ##'###
#..♣....## ... ##......#
..S.. #$.....# ...>...
######## ####+#... ....
################
................


You could see a gnoll, an endoplasm, a giant cockroach and a ball python.

Vanquished Creatures
  A goblin (D:1)
  A hobgoblin (D:1)
  A quokka (D:1)
  A kobold (D:1)
  A rat (D:1)
5 creatures vanquished.

Notes
Turn   | Place    | Note
-------+----------+-------------------------------------------
     0 | D:1      | bearlyready the Draconian Conjurer began the quest for the
                  | Orb.
     0 | D:1      | Reached XP level 1. HP: 14/14 MP: 3/3
   572 | D:1      | Mangled by a gnoll

Illustrated notes

Levels and vault maps discovered:
D:1:      dpeg_arrival_water_fire, layout_basic, ebering_dispersal_statue_hall,
          st_stairs_10, serial_park_tiny_2

Action                   || total
-------------------------++-------
Melee: Unarmed           ||    18
       Short sword       ||     6
 Cast: Magic Dart        ||     8
  Use: Scroll            ||     2
Armor: Skin              ||     5
Dodge: Dodged            ||    27

Table legend: (Time is in decaauts)
 A = Elapsed time spent in this place.
 B = Non-inter-level travel time spent in this place.
 C = Inter-level travel time spent in this place.
 D = Time resting spent in this place.
 E = Time spent auto-exploring this place.
 F = Levels seen in this place.
 G = Mean time per level.
                   A        B        C        D        E       F      G
               +--------+--------+--------+--------+--------+-----+--------+
         Total |    572 |    572 |      0 |      0 |    472 |   1 |  572.0 |
       Dungeon |    572 |    572 |      0 |      0 |    472 |   1 |  572.0 |
               +--------+--------+--------+--------+--------+-----+--------+

Top non-repeatable levels by time:
     D:1: 572 daAuts
